 Dungeon Crawl Stone Soup version 0.28.0-43-g3370ac3207 (webtiles) character file.

Game seed: 17656104596829692270

4053 adizb the Ruffian (level 10, -3/96 HPs)
             Began as a Troll Fighter on Mar 13, 2022.
             Was an Elder of Makhleb.
             Slain by a vampire
             ... wielding a +0 glaive
              (18 damage)
             ... in a bailey.
             The game lasted 00:30:25 (5913 turns).

adizb the Ruffian (Troll Fighter)                   Turns: 5913, Time: 00:30:26

Health: -3/96      AC:  5    Str: 28    XL:     10   Next: 4%
Magic:  12/12      EV: 11    Int:  4    God:    Makhleb [****..]
Gold:   245        SH:  9    Dex: 17    Spells: 9/9 levels left

rFire   . . .      SeeInvis .     - Unarmed
rCold   . . .      Faith    .   b - +0 kite shield
rNeg    . . .      Spirit   .   D - +1 robe of Tujen {Fly}
rPois   .          Reflect  .   (helmet restricted)
rElec   .          Harm     .   (no cloak)
rCorr   +          Rampage  .   (gloves unavailable)
Will    .....                   (boots unavailable)
Stlth   ++........              (no amulet)
HPRegen 1.06/turn               f - ring of resist corrosion
MPRegen 0.13/turn               i - +6 ring of dexterity

@: mighty, flying
A: large, unfitting armour, claws 3, regeneration 1, shaggy fur 1, tough skin 1
a: Renounce Religion, Minor Destruction, Lesser Servant of Makhleb, Major
Destruction


You were in a bailey.
You worshipped Makhleb.
Makhleb was greatly pleased with you.
You visited 1 branch of the dungeon, and saw 8 of its levels.
You also visited: Bailey.

You collected 245 gold pieces.

Inventory:

Hand Weapons
 C - a +4 falchion
Missiles
 h - a boomerang of dispersal
 w - a throwing net
 B - 5 poisoned darts
Armour
 b - a +0 kite shield (worn)
 D - the +1 robe of Tujen (worn) {Fly}
   (You found it in a bailey)

   Fly:       It grants you flight.
Jewellery
 f - a ring of resist corrosion (left claw)
 i - a +6 ring of dexterity (right claw)
 n - a ring of protection from cold
 t - a ring of protection from cold
 u - a ring of wizardry
Wands
 p - a wand of flame (60)
 r - a wand of mindburst (6)
 y - a wand of polymorph (6) (quivered)
Scrolls
 c - 3 scrolls of noise {unknown}
 g - 2 scrolls of blinking {unknown}
 j - a scroll of brand weapon {unknown}
 k - a scroll of immolation {unknown}
 l - 3 scrolls of identify {unknown}
 q - a scroll of holy word {unknown}
 v - a scroll of magic mapping {unknown}
 x - 3 scrolls of enchant weapon {unknown}
Potions
 a - a potion of invisibility {unknown}
 e - a potion of lignification {unknown}
 m - a potion of berserk rage {unknown}
 o - a potion of brilliance {unknown}
 s - a potion of magic {unknown}
 z - 2 potions of heal wounds
 A - a potion of haste {unknown}


   Skills:
 + Level 5.0 Fighting
 - Level 6.0 Throwing
 + Level 5.0 Dodging
 + Level 5.0 Shields
 * Level 7.9 Unarmed Combat
 + Level 4.3 Invocations


You had 9 spell levels left.
You didn't know any spells.
Your spell library contained the following spells:

 Spells                   Type           Power      Damage    Failure   Level
 Animate Skeleton         Necr           0%         N/A       77%         1
 Apportation              Tloc           0%         N/A       77%         1
 Shock                    Conj/Air       0%         1d3       77%         1
 Summon Small Mammal      Summ           0%         N/A       77%         1
 Blink                    Tloc           0%         N/A       88%         2
 Poisonous Vapours        Pois/Air       0%         N/A       88%         2
 Gell's Gravitas          Tloc           0%         N/A       98%         3
 Lesser Beckoning         Tloc           0%         N/A       98%         3
 Ozocubu's Armour         Ice            0%         N/A       98%         3
 Swiftness                Air            0%         N/A       98%         3
 Teleport Other           Tloc           0%         N/A       98%         3
 Freezing Cloud           Conj/Ice/Air   0%         6-21      100%        5
 Manifold Assault         Tloc           0%         N/A       100%        5
 Metabolic Englaciation   Hex/Ice        0%         N/A       100%        5
 Simulacrum               Ice/Necr       0%         N/A       100%        6
 Storm Form               Tmut/Air       0%         N/A       100%        7
 Polar Vortex             Ice            0%         N/A       100%        9


Dungeon Overview and Level Annotations

Branches:
Dungeon (8/15)             Temple (0/1) D:4          Bailey (1/1)
   Lair: D:8-11

Altars:
Fedhas
Makhleb
Ru
Sif Muna
Uskayaw
Yredelemnul

Shops:
D:8 [

Annotations:
D:5 1 runed translucent door


Innate Abilities, Weirdness & Mutations

You are too large for most types of armour.
You have claws for hands.
Your natural rate of healing is unusually fast.
You are covered in fur. (AC +1)
You have tough skin. (AC +1)


Message History

Okay, then.
A demon appears!
Found a metallic emerald potion.
A vampire comes into view. It is wielding a +0 glaive.
Found a glowing chain mail and a gnarled glowing staff.
The vampire hits you from afar with a +1 vampiric glaive!
You block the vampire's attack. The vampire bites you!
The vampire draws strength from your injuries!
The vampire completely misses you.
You see here 2 potions of might.
You claw the vampire!
The vampire is moderately damaged.
You block the vampire's attack. The vampire bites you.
The vampire draws strength from your injuries!
The vampire hits you from afar with a +0 glaive!
You mangle the vampire!!
The vampire is severely damaged.
The vampire hits you with a +1 vampiric glaive!!
The vampire draws strength from your wounds!
The vampire bites you!
The vampire draws strength from your injuries!
You block the vampire's attack.
You claw the vampire!
The vampire is almost destroyed.
Your hellwing barely misses the vampire.
Your hellwing hits the vampire but does no damage.
The vampire gestures wildly while chanting.
The vampire flickers and vanishes!
Deactivating autopickup; reactivate with Ctrl-A.
The vampire closely misses you.
You barely miss something. You barely miss something.
Something draws life force from you!
* * * LOW HITPOINT WARNING * * *
You block the vampire's attack.
Okay, then.
You feel very mighty all of a sudden. Something draws life force from you!
* * * LOW HITPOINT WARNING * * *
The vampire hits you from afar with a +0 glaive!!
You die...

### ..# ###### ..#
######...8##
..#####..##.....@#
###..8#..#...##.4{#
......#..'..####V!#
.♣....#.)'..# #.!#
......#..#...# .[.#
..♣...#..##.....|##
......#...##...8##
.....##....######
....##.)....8#


You could see a vampire and a friendly hellwing (summoned).

Vanquished Creatures
  A gargoyle (Bailey)
  A basilisk (D:8)
  3 water moccasins
  4 orc warriors
  An ice beast (D:6)
  2 necrophages (D:6)
  2 ogres
  A centaur (D:8)
  A water moccasin zombie (D:6)
  2 bullfrogs
  3 scorpions
  5 wights
  5 vampire bats (Bailey)
  5 wolf zombies (Bailey)
  A centaur zombie (D:8)
  A bullfrog zombie (D:5)
  A jelly (D:6)
  3 hounds
  5 orc priests
  3 bullfrog skeletons
  An iguana (D:6)
  11 orc wizards
  2 hound skeletons
  A howler monkey zombie (D:8)
  3 gnolls (D:5)
  A howler monkey skeleton (D:7)
  4 adders
  2 white imps
  An ufetubus (D:6)
  2 adder skeletons
  3 worms
  3 dart slugs
  42 orcs
  2 endoplasms (D:4)
  4 giant cockroaches
  8 goblins
  7 hobgoblins
  3 jackals (D:5)
  8 quokkas
  6 ball pythons
  2 bats (D:1)
  A frilled lizard (D:3)
  8 kobolds
  A kobold zombie (D:5)
  16 orc zombies (Bailey)
  6 rats
198 creatures vanquished.

Vanquished Creatures (collateral kills)
  An orc warrior (D:8)
  A black bear (D:8)
  3 wights
  3 vampire bats (Bailey)
  3 orc zombies (Bailey)
  2 orcs (D:8)
13 creatures vanquished.

Vanquished Creatures (others)
  An orc wizard (D:6)
  2 plants (D:1)
3 creatures vanquished.

Grand Total: 214 creatures vanquished

Notes
Turn   | Place    | Note
-------+----------+-------------------------------------------
     0 | D:1      | adizb the Troll Fighter began the quest for the Orb.
     0 | D:1      | Reached XP level 1. HP: 22/22 MP: 0/0
    59 | D:1      | Reached XP level 2. HP: 29/29 MP: 1/1
   314 | D:1      | Found a faded altar of an unknown god.
   716 | D:1      | Reached skill level 1 in Throwing
  1040 | D:2      | Reached XP level 3. HP: 36/36 MP: 2/2
  1162 | D:2      | Got the Guide on Air
  1661 | D:3      | Reached XP level 4. HP: 29/44 MP: 3/3
  1663 | D:3      | Reached skill level 3 in Unarmed Combat
  1785 | D:3      | Found a burning altar of Makhleb.
  1797 | D:3      | Became a worshipper of Makhleb the Destroyer
  1859 | D:3      | Found a hide-covered altar of Uskayaw.
  1931 | D:4      | Noticed a scorpion
  1940 | D:4      | Killed a scorpion
  1940 | D:4      | HP: 2/44 [poisoned by a scorpion]
  1941 | D:4      | Reached XP level 5. HP: 3/52 MP: 4/4
  2090 | D:4      | Found a blossoming altar of Fedhas.
  2175 | D:4      | Reached skill level 1 in Invocations
  2177 | D:4      | Reached * piety under Makhleb
  2188 | D:4      | Reached XP level 6. HP: 61/61 MP: 5/5
  2197 | D:4      | Found a staircase to the Ecumenical Temple.
  2485 | D:4      | Reached skill level 4 in Unarmed Combat
  2576 | D:5      | Entered Level 5 of the Dungeon
  2642 | D:5      | Noticed a human
  2643 | D:5      | Found a runed translucent door.
  2647 | D:5      | Found a basalt altar of Yredelemnul.
  3154 | D:6      | Noticed an orc warrior
  3231 | D:6      | Reached XP level 7. HP: 67/67 MP: 7/7
  3285 | D:6      | Reached ** piety under Makhleb
  3578 | D:6      | Reached skill level 5 in Unarmed Combat
  3616 | D:6      | Reached XP level 8. HP: 71/76 MP: 8/8
  4276 | D:6      | Found a shimmering blue altar of Sif Muna.
  4300 | D:6      | Reached skill level 5 in Throwing
  4300 | D:6      | Reached skill level 6 in Unarmed Combat
  4611 | D:7      | Identified the +7 chain mail of the Guild-Master {rPois
                  | Will- Str+2}
  4627 | D:7      | Reached XP level 9. HP: 46/84 MP: 10/10
  4816 | D:7      | HP: 1/84 [orc warrior/boomerang of dispersal (15)]
  4902 | D:7      | Reached *** piety under Makhleb
  4975 | D:7      | Found a sacrificial altar of Ru.
  5499 | D:8      | Found a flagged portal.
  5517 | D:8      | Reached skill level 7 in Unarmed Combat
  5529 | D:8      | Found Tian's Armour Shop.
  5587 | Bailey   | Entered a bailey
  5701 | Bailey   | Reached **** piety under Makhleb
  5761 | Bailey   | Identified the +1 robe of Tujen {Fly}
  5813 | Bailey   | Noticed a gargoyle
  5820 | Bailey   | Killed a gargoyle
  5821 | Bailey   | Reached skill level 5 in Fighting
  5821 | Bailey   | Reached skill level 5 in Dodging
  5821 | Bailey   | Reached skill level 5 in Shields
  5821 | Bailey   | Reached XP level 10. HP: 42/96 MP: 12/12
  5913 | Bailey   | Slain by a vampire

Illustrated notes

Levels and vault maps discovered:
D:1:      dpeg_arrival_water_altar, layout_basic, serial_forest,
          infiniplex_forest_end_2, infiniplex_forest_clump_tiny,
          infiniplex_forest_straight_2, infiniplex_forest_clump_small,
          infiniplex_forest_end_1, infiniplex_forest_clump_tiny,
          ebering_ecumenical_altar_ruins, ebering_dispersal_statue_hall,
          minmay_tetromino_l2
D:2:      layout_loops_cross, st_stairs_3
D:3:      layout_rooms, mainiacjoe_overflow_chevrons, bloody_makhleb
D:4:      layout_loops_ring, mainiacjoe_overflow_alcove_2,
          minmay_temple_entry_junction_2, grunt_ministairs_2
D:5:      layout_loops_cross, dk_yredelemnul_ordeal
D:6:      layout_layer_cave, kennysheep_orc_sif_temple,
          amcnicky_mini_rare_corridor_liquid
D:7:      layout_loops_ring, kennysheep_mini_moat
D:8:      layout_basic, serial_shops,
          nicolae_shop_temple_entry_statues_fountains, enter_bailey_6,
          kennysheep_small_square, uniq_maggie
Bailey:   bailey_polearm_vampire_castle_hellmonk, bailey

Skill      XL: |  1  2  3  4  5  6  7  8  9 |
---------------+----------------------------+-----
Throwing       | 1 2 3 4 5 6 |  6.0
Unarmed Combat | 3 4 5 6 7 |  7.9
Dodging        | 3 4 5 |  5.0
Shields        | 3 4 5 |  5.0
Invocations    | 1 2 3 4 |  4.3
Fighting       | 3 4 5 |  5.0

Action                   |  1- 3 |  4- 6 |  7- 9 | 10-12 || total
-------------------------+-------+-------+-------+-------++-------
Melee: Unarmed           |   109 |   140 |   327 |    10 ||   586
Throw: Dart              |       |     4 |    23 |       ||    27
Invok: Lesser Servant of |       |       |     4 |     1 ||     5
  Use: Potion            |       |     2 |       |     1 ||     3
 Stab: Sleeping          |       |     4 |     1 |       ||     5
Armor: Robe              |    37 |    21 |    65 |       ||   123
Dodge: Dodged            |    22 |    49 |   112 |     4 ||   187
Block: Kite shield       |    29 |    45 |   152 |     8 ||   234
